 Dungeon Crawl Stone Soup version 0.27-a0-1090-gb115f176c6 (webtiles) character file.

Game seed: 2258318614289194074

19 1player the Skirmisher (level 2, 0/24 HPs)
             Began as a Formicid Abyssal Knight on Apr 27, 2021.
             Was a Follower of Lugonu.
             Succumbed to an adder's poison
             ... on level 3 of the Dungeon.
             The game lasted 00:03:41 (1464 turns).

1player the Skirmisher (Formicid Abyssal Knight)    Turns: 1464, Time: 00:03:42

Health: 0/24       AC:  3    Str: 16    XL:     2   Next: 95%
Magic:  1/3        EV: 11    Int: 11    God:    Lugonu [*.....]
Gold:   83         SH:  0    Dex: 10    Spells: 1/1 levels left

rFire    + . .     SeeInvis +   n - +0 dagger (speed)
rCold    . . .     Faith    .   (no shield)
rNeg     . . .     Spirit   +   b - +0 leather armour
rPois    .         Reflect  .   (helmet unavailable)
rElec    .         Harm     .   (no cloak)
rCorr    .         Rampage  .   (no gloves)
Will     .....                  (no boots)
Stlth    +.........             k - amulet of guardian spirit
HPRegen  0.08/turn              l - ring of protection from fire
MPRegen  0.08/turn              (no ring)

@: lethally poisoned (0 -> -5)
A: permanent stasis, dig shafts and tunnels, antennae 3, four strong arms
a: Dig, Shaft Self, Renounce Religion, Depart the Abyss


You were on level 3 of the Dungeon.
You worshipped Lugonu.
Lugonu was aware of your devotion.
You visited 1 branch of the dungeon, and saw 3 of its levels.
You visited the Abyss 1 time.

You collected 83 gold pieces.

Inventory:

Hand Weapons
 a - a +1 mace
 h - a +0 short sword
 j - a +0 whip
 n - a +0 dagger of speed (weapon)
Missiles
 f - 10 poisoned darts
 m - a throwing net
Armour
 b - a +0 leather armour (worn)
Jewellery
 k - an amulet of guardian spirit (around neck)
 l - a ring of protection from fire (left hand)
Scrolls
 c - a scroll of summoning {unknown}
 d - a scroll of teleportation {unknown}
 i - 2 scrolls of identify {unknown}
 o - a scroll of amnesia {unknown}
Potions
 e - a potion of curing {unknown}
 g - a potion of berserk rage {unknown}


   Skills:
 - Level 3.2 Fighting
 * Level 3.2 Maces & Flails
 - Level 2.1 Armour
 - Level 0.8 Dodging
 - Level 2.1 Invocations


You had one spell level left.
You didn't know any spells.
Your spell library contained the following spells:

 Spells                   Type           Power      Damage    Failure   Level
 Animate Skeleton         Necr           0%         N/A       41%         1
 Apportation              Tloc           0%         N/A       41%         1
 Corona                   Hex            0%         N/A       41%         1
 Summon Small Mammal      Summ           0%         N/A       41%         1


Dungeon Overview and Level Annotations

Branches:
Dungeon (2/15)

Altars:

Annotations:
D:2 exclusion: 2 doors


Innate Abilities, Weirdness & Mutations

You cannot be hasted, slowed, berserked, paralysed or teleported.
You can dig through walls and to a lower floor.
You have a pair of large antennae on your head. (SInv)
Your four strong arms can wield two-handed weapons with a shield.


Message History

The adder poisons you!
You barely miss the adder.
You feel sick.
You hit the adder.
The adder is lightly wounded.
You feel sick. The adder barely misses you.
Okay, then.
You barely miss the adder.
The adder is lightly wounded.
The adder barely misses you.
You miss the adder.
The adder is lightly wounded.
You feel sick. The adder bites you.
You are more poisoned.
The adder poisons you!
Okay, then.
You closely miss the adder.
The adder is lightly wounded.
You feel sick. The adder bites you.
* * * LOW HITPOINT WARNING * * *
Are you sure you want to shaft yourself?
You feel sick. The adder bites you but does no damage.
You begin to dig a shaft.
You continue digging a shaft.
You feel sick. The adder bites you.
* * * LOW HITPOINT WARNING * * *
You are more poisoned.
The adder poisons you! A shaft appears beneath you!
You fall into a shaft and drop 1 floor!
The shaft crumbles and collapses. 2 orcs, an orc warrior and an orc wizard come into view.
An orc is wielding a +0 flail of holy wrath.
* * * LOW HITPOINT WARNING * * *
You feel sick.
The orc wizard shouts!
The orc shouts!
Found a scroll labelled CIYRITHERGHI.
You hit the orc wizard.
The orc wizard is lightly wounded.
You hit the orc wizard but do no damage.
The orc wizard is lightly wounded.
You die...

## ##.## #..@#
{
+.....o.o.o?..
####...##o####
##.## # ##


You could see an orc warrior, an orc wizard and 2 orcs.

Vanquished Creatures
  An endoplasm (D:1)
  A giant cockroach (D:1)
  2 goblins
  2 hobgoblins (D:2)
  4 jackals (D:1)
  2 bats (D:2)
  A frilled lizard (D:2)
  2 kobolds
  2 rats
17 creatures vanquished.

Notes
Turn   | Place    | Note
-------+----------+-------------------------------------------
     0 | Abyss:1  | 1player the Formicid Abyssal Knight began the quest for the
                  | Orb.
     0 | Abyss:1  | Reached XP level 1. HP: 18/18 MP: 2/2
    67 | Abyss:1  | Found a corrupted altar of Lugonu.
   159 | Abyss:1  | Noticed a bone dragon
   162 | D:1      | Escaped the Abyss
   206 | D:1      | Found a faded altar of an unknown god.
   782 | D:1      | Reached XP level 2. HP: 20/24 MP: 3/3
   853 | D:1      | Reached * piety under Lugonu
  1462 | D:2      | You fall into a shaft and drop 1 floor!
  1462 | D:3      | Noticed an orc warrior
  1462 | D:3      | HP: 1/24 [poisoned by an adder]
  1464 | D:3      | Succumbed to an adder's poison

Illustrated notes

Levels and vault maps discovered:
D:1:      scummos_arrival_simple_fountains, layout_basic,
          basic_ecumenical_altar, minmay_misc_feat_diagonals
D:2:      layout_loops_ring, basic_altar, serial_shops, shop, hex_large,
          kennysheep_generic_room_4, uniq_robin
D:3:      layout_loops_corners

Skill      XL: |  1  2 |
---------------+-------+-----
Maces & Flails | 3 |  3.2
Fighting       | |  3.2
Armour         | |  2.1
Dodging        | |  0.8
Invocations    | |  2.1

Action                   || total
-------------------------++-------
Melee: Mace              ||    21
       Dagger            ||    20
       Whip              ||    10
Invok: Depart the Abyss  ||     1
 Abil: Shaft Self        ||     1
Armor: Leather armour    ||     8
Dodge: Dodged            ||    28

Table legend: (Time is in decaauts)
 A = Elapsed time spent in this place.
 B = Non-inter-level travel time spent in this place.
 C = Inter-level travel time spent in this place.
 D = Time resting spent in this place.
 E = Time spent auto-exploring this place.
 F = Levels seen in this place.
 G = Mean time per level.
                   A        B        C        D        E       F      G
               +--------+--------+--------+--------+--------+-----+--------+
         Total |   1460 |   1454 |      6 |    378 |    553 |   4 |  365.0 |
       Dungeon |   1298 |   1292 |      6 |    378 |    443 |   3 |  432.7 |
         Abyss |    162 |    162 |      0 |      0 |    110 |   1 |  162.0 |
               +--------+--------+--------+--------+--------+-----+--------+

Top non-repeatable levels by time:
     D:1: 951 daAuts
     D:2: 346 daAuts
 Abyss:1: 162 daAuts
     D:3: 1 daAuts
